 Dungeon Crawl Stone Soup version 0.28.0-43-g3370ac3207 (webtiles) character file.

Game seed: 5661913011798656799

96244 Revguard the Thaumaturge (level 15, -8/86 HPs)
             Began as a Deep Elf Earth Elementalist on Mar 16, 2022.
             Was an Elder of Vehumet.
             Mangled by an ironbound frostheart (15 damage)
             ... in an ice cave.
             The game lasted 01:16:02 (19070 turns).

Revguard the Thaumaturge (DEEE)                    Turns: 19070, Time: 01:16:04

Health: -8/86      AC:  8    Str:  9    XL:     15   Next: 68%
Magic:  25/29      EV: 26    Int: 27    God:    Vehumet [****..]
Gold:   648        SH:  0    Dex: 27    Spells: 6/38 levels left

rFire   + . .      SeeInvis +   t - +9 rapier of Yguloelo {vorpal, rC+ Str+4 Int+3}
rCold   + . .      Faith    .   (no shield)
rNeg    . . .      Spirit   .   C - +1 steam dragon scales
rPois   .          Reflect  .   B - +0 helmet
rElec   .          Harm     .   x - scarf {repulsion}
rCorr   .          Rampage  .   (no gloves)
Will    +....      Rage     1%  (no boots)
Stlth   +++++++...              n - amulet of the acrobat
HPRegen 0.24/turn               q - +4 ring of evasion
MPRegen 0.21/turn               H - ring "Hurheomp" {rF+ Int+2 Dex+6 SInv Stlth+}

@: repel missiles
A: berserk 1, low MP 1, shaggy fur 1
a: Renounce Religion


You were in an ice cave.
You worshipped Vehumet.
Vehumet was greatly pleased with you.
You visited 2 branches of the dungeon, and saw 16 of its levels.
You also visited: Ice Cave.

You collected 972 gold pieces.
You spent 324 gold pieces at shops.

Inventory:

Hand Weapons
 t - the +9 rapier of Yguloelo (weapon) {vorpal, rC+ Str+4 Int+3}
   (You took it off an orc warrior on level 5 of the Dungeon)

   It inflicts extra damage upon your enemies.
   Str:       It affects your strength (+4).
   Int:       It affects your intelligence (+3).
   rC:        It protects you from cold.
 L - a +4 scimitar of flaming
Missiles
 c - 341 stones
Armour
 x - a scarf of repulsion (worn)
 B - a +0 helmet (worn)
 C - +1 steam dragon scales (worn)
Jewellery
 n - an amulet of the acrobat (around neck)
 q - a +4 ring of evasion (left hand)
 A - the ring "Ynek" {rC+ Int+2 Dex+6}
   (You found it on level 7 of the Dungeon)

   [ring of dexterity]

   Int:       It affects your intelligence (+2).
   Dex:       It affects your dexterity (+6).
   rC:        It protects you from cold.
 E - the ring "Befetamm" {rF+ rCorr Int+4}
   (You bought it in a shop on level 8 of the Dungeon)

   [ring of protection from fire]

   Int:       It affects your intelligence (+4).
   rF:        It protects you from fire.
   rCorr:     It protects you from acid and corrosion.
 F - a ring of wizardry
 G - a ring of protection from fire
 H - the ring "Hurheomp" (right hand) {rF+ Int+2 Dex+6 SInv Stlth+}
   (You acquired it on level 8 of the Dungeon)

   [ring of dexterity]

   Int:       It affects your intelligence (+2).
   Dex:       It affects your dexterity (+6).
   rF:        It protects you from fire.
   SInv:      It lets you see invisible.
   Stlth:     It makes you more stealthy.
 N - a ring of flight
 O - an amulet of faith
Wands
 l - a wand of iceblast (15)
 u - a wand of mindburst (23)
 w - a wand of paralysis (8)
 y - a wand of digging (2)
 D - a wand of polymorph (5)
 M - a wand of flame (7)
Scrolls
 d - 5 scrolls of teleportation
 j - 3 scrolls of fog
 m - 2 scrolls of torment
 o - 3 scrolls of identify
 r - a scroll of holy word
 s - 2 scrolls of brand weapon
 z - a scroll of magic mapping
 I - 2 scrolls of enchant weapon
 J - 2 scrolls of vulnerability
Potions
 a - 5 potions of brilliance
 b - a potion of resistance
 f - 6 potions of curing
 h - 3 potions of lignification
 i - a potion of might
 p - 3 potions of attraction
Miscellaneous
 K - a phantom mirror


   Skills:
 + Level 7.5 Fighting
 + Level 7.6 Short Blades
 - Level 0.2(1.4) Polearms
 - Level 3.2 Staves
 + Level 10.5 Dodging
 + Level 11.8 Stealth
 + Level 12.0 Spellcasting
 + Level 5.3 Conjurations
 - Level 8.8 Summonings
 + Level 9.7 Transmutations
 + Level 10.3 Earth Magic
 + Level 8.8 Evocations


You had 6 spell levels left.
You knew the following spells:

 Your Spells              Type           Power      Damage    Failure   Level
a - Iron Shot             Conj/Erth      27%        9d6       6%          6
b - Passwall              Tmut/Erth      52%        N/A       1%          2
c - Stone Arrow           Conj/Erth      100%       3d13      1%          3
d - Petrify               Tmut/Erth      63%        N/A       1%          4
e - Summon Cactus Giant   Summ           29%        N/A       14%         6
f - Irradiate             Conj/Tmut      27%        3d22      1%          5
g - Statue Form           Tmut/Erth      42%        N/A       9%          6

Your spell library contained the following spells:

 Spells                   Type           Power      Damage    Failure   Level
 Sandblast                Erth           100%       2d20      1%          1
 Sting                    Tmut/Pois      100%       1d8       1%          1
 Poisonous Vapours        Pois/Air       32%        N/A       1%          2
 Dazzling Flash           Conj/Hex       60%        N/A       1%          3
 Ignite Poison            Fire/Tmut/Pois 33%        N/A       1%          3
 Spider Form              Tmut/Pois      42%        N/A       1%          3
 Iskenderun's Mystic Bla  Conj/Tloc      30%        2d8       3%          4
 Olgreb's Toxic Radiance  Pois           16%        N/A       10%         4
 Gell's Gravitas          Tloc           16%        N/A       11%         3
 Teleport Other           Tloc           16%        N/A       11%         3
 Summon Forest            Summ/Tloc      20%        N/A       16%         5
 Summon Mana Viper        Hex/Summ       40%        N/A       16%         5
 Eringya's Noxious Bog    Tmut/Pois      21%        N/A       19%         6
 Starburst                Conj/Fire      15%        6d6       41%         6
 Dispersal                Tloc           8%         N/A       99%         6


Dungeon Overview and Level Annotations

Branches:
Dungeon (15/15)            Temple (1/1) D:5            Lair (0/6) D:8
    Orc (0/2) D:10         Vaults (0/5) D:13         Depths (0/4) D:15
  IceCv (1/1)

Altars:
Ashenzari
Cheibriados
Dithmenos
Elyvilon
Fedhas
Gozag
Hepliaklqana
Kikubaaqudgha
Makhleb
Nemelex Xobeh
Okawaru
Qazlal
Ru
Sif Muna
Trog
Uskayaw
Vehumet
Wu Jian
Xom
Yredelemnul
Zin
The Shining One

Shops:
D:1 (   D:3 =?(=   D:4 *   D:8 *   D:12 *


Innate Abilities, Weirdness & Mutations

You tend to lose your temper in combat.
Your magical capacity is low. (-10% MP)
You are covered in fur. (AC +1)


Message History

You start resting.
HP restored.
Things that are here:
a polar bear skeleton; an ugly thing skeleton You see here a rime drake skeleton.
An ironbound frostheart comes into view.
Found a potion of invisibility.
A white ugly thing comes into view.
The white ugly thing gurgles horribly!
You hear a shout!
The ironbound frostheart shouts!
The ironbound frostheart barely misses you.
You hit the ironbound frostheart.
The ironbound frostheart is lightly wounded.
The ironbound frostheart touches you! The ironbound frostheart freezes you!
You resist.
Casting: Irradiate (dangerous; 1% risk of failure)
Confirm with . or Enter, or press ? or * to list all spells.
Aiming: Petrify (mildly dangerous; 1% risk of failure)
Press: ? - help, Shift-Dir - straight line, f - ironbound frostheart
Aim: an ironbound frostheart, wearing a +0 scale mail (lightly wounded, chance to affect: 61%)
The ironbound frostheart resists with significant effort.
A rime drake comes into view.
The ironbound frostheart calls freezing cold from the walls.
The frost grips you!! You partially resist.
You are encased in ice.
An ironbound frostheart comes into view.
The ironbound frostheart touches you.
* * * LOW HITPOINT WARNING * * *
The ironbound frostheart freezes you! You resist.
* * * LOW HITPOINT WARNING * * *
A white draconian comes into view.
It is wielding a +2 scimitar of freezing.
Okay, then.
Okay, then.
Aiming: Paralyse
Press: ? - help, Shift-Dir - straight line, f/p - ironbound frostheart
Aim: an ironbound frostheart, wearing a +0 scale mail (lightly wounded, chance to affect: 51%)
The ironbound frostheart resists with significant effort.
The ice encasing you melts away. The ironbound frostheart touches you!
You die...

# .# #.# #p. #u# ####
#d# ##..## ##.#
#....## ###p.#
#.##..###.@.##
##..##..#..###
##.#.###...## #..#.#
##.## #...## ###
##...## #....## ####
#.....# #### ##..##
#....####..#####....##


You could see a white draconian, a white ugly thing and 2 ironbound frosthearts.

Vanquished Creatures
  Rupert (D:13)
  6 slime creatures
  Nessos (D:12)
  Azrael (D:13)
  A fire dragon (D:9)
  Josephine (D:10)
  3 ice dragons
  A hydra (D:9)
  A boulder beetle (D:14)
  2 vault guards (D:13)
  4 two-headed ogres
  5 centaur warriors
  An ironbound frostheart (IceCv)
  A death knight (D:11)
  Urug (D:10)
  Sonja (D:13)
  Nergalle (D:11)
  The ghost of dangdung the Carver, a novice MiBe of Trog (D:7)
  A sixfirhy (D:9)
  A phantasmal warrior (D:11)
  5 ugly things
  5 deep elf pyromancers
  A manticore (D:11)
  2 cyclopes (D:12)
  A guardian serpent (shapeshifter) (D:15)
  An ice statue (D:15)
  Maggie (D:6)
  3 gargoyles
  2 unseen horrors
  Psyche (D:10)
  A komodo dragon (D:10)
  2 freezing wraiths (D:11)
  A rime drake (IceCv)
  An efreet (D:14)
  5 trolls
  A hornet (D:9)
  5 polar bears (IceCv)
  Prince Ribbit (D:6)
  Sigmund (D:2)
  A vampire (D:10)
  A shadow (D:13)
  2 wyverns
  4 wraiths
  17 yaks
  2 fire elementals (D:13)
  3 steam dragons
  Eustachio (D:5)
  9 humans (D:13)
  7 vampire mosquitoes
  A warg (D:10)
  2 water moccasins
  2 acid dragons
  4 hell hounds (D:13)
  A sky beast (D:6)
  2 ice beasts (D:5)
  7 orc warriors
  3 ogres
  2 necrophages
  4 black bears
  3 centaurs
  A phantom (D:7)
  Blork the orc (D:4)
  2 bullfrogs
  A scorpion (D:8)
  2 water moccasin skeletons (D:5)
  13 killer bees
  3 wights (D:8)
  2 howler monkeys
  A bullfrog zombie (D:5)
  4 centaur zombies
  A centaur skeleton (D:5)
  Crazy Yiuf (D:5)
  2 bullfrog skeletons
  5 hounds
  4 jellies
  11 orc priests
  Jessica (D:2)
  A scorpion zombie (D:5)
  3 iguanas
  10 orc wizards
  A killer bee zombie (D:8)
  A centaur simulacrum (D:9)
  3 howler monkey zombies
  A howler monkey skeleton (D:6)
  11 adders
  5 gnolls
  4 shadow imps
  2 ufetubi
  A worm (D:2)
  37 orcs
  6 endoplasms
  2 giant cockroaches (D:1)
  7 goblins
  6 hobgoblins
  3 quokkas
  13 ball pythons
  2 bats
  A frilled lizard (D:1)
  10 kobolds
  5 rats
343 creatures vanquished.

Vanquished Creatures (collateral kills)
  An ugly thing (IceCv)
1 creature vanquished.

Vanquished Creatures (others)
  A wizard (D:9)
  A human (D:13)
  5 plants
7 creatures vanquished.

Grand Total: 351 creatures vanquished

Notes
Turn   | Place    | Note
-------+----------+-------------------------------------------
     0 | D:1      | Revguard the Deep Elf Earth Elementalist began the quest
                  | for the Orb.
     0 | D:1      | Reached XP level 1. HP: 10/10 MP: 6/6
   107 | D:1      | Found Radoutesus's Weapon Boutique.
   267 | D:1      | Reached XP level 2. HP: 15/15 MP: 6/8
   270 | D:1      | Learned a level 2 spell: Passwall
   901 | D:1      | Reached XP level 3. HP: 20/20 MP: 7/9
   990 | D:1      | Learned a level 3 spell: Stone Arrow
  1551 | D:2      | Reached skill level 1 in Fighting
  1585 | D:2      | Noticed Jessica
  1587 | D:2      | Killed Jessica
  1646 | D:2      | Reached XP level 4. HP: 16/25 MP: 11/11
  1827 | D:2      | Noticed Sigmund
  1841 | D:2      | Killed Sigmund
  1842 | D:2      | Reached skill level 1 in Staves
  1842 | D:2      | Reached skill level 1 in Conjurations
  1842 | D:2      | Reached XP level 5. HP: 16/30 MP: 4/12
  1851 | D:2      | Learned a level 4 spell: Petrify
  1976 | D:2      | Found a faded altar of an unknown god.
  2220 | D:2      | Reached XP level 6. HP: 35/35 MP: 11/13
  2248 | D:2      | Reached skill level 4 in Spellcasting
  2538 | D:3      | Found Zaalot's Jewellery Emporium.
  2646 | D:3      | Found Cecruqu's Weapon Shoppe.
  2654 | D:3      | Found an opulent altar of Gozag.
  2896 | D:3      | Found a basalt altar of Yredelemnul.
  2896 | D:3      | Found a hide-covered altar of Uskayaw.
  2896 | D:3      | Found a blossoming altar of Fedhas.
  3211 | D:3      | Found Ajyran's Magic Scroll Boutique.
  3217 | D:3      | Bought a scroll of fog for 24 gold pieces
  3486 | D:3      | Found Pek Dafu's Jewellery Shop.
  3769 | D:4      | Reached XP level 7. HP: 29/40 MP: 15/15
  3905 | D:4      | Noticed Blork the orc
  3913 | D:4      | HP: 2/40 [Blork the orc/puff of frost (9)]
  3915 | D:4      | Killed Blork the orc
  4173 | D:4      | Found a radiant altar of Vehumet.
  4179 | D:4      | Became a worshipper of Vehumet
  4316 | D:4      | Gained mutation: You are covered in fur. (AC +1) [potion of
                  | mutation]
  4900 | D:4      | Found Zin's Purification Station.
  4903 | D:4      | Found a glowing silver altar of Zin.
  5187 | D:5      | Entered Level 5 of the Dungeon
  5274 | D:5      | Found a staircase to the Ecumenical Temple.
  5288 | Temple   | Entered the Ecumenical Temple
  5405 | D:5      | Reached skill level 1 in Evocations
  5721 | D:5      | Noticed Eustachio
  5728 | D:5      | Killed Eustachio
  5836 | D:5      | Found an iron altar of Okawaru.
  5926 | D:5      | Reached skill level 5 in Spellcasting
  5926 | D:5      | Reached XP level 8. HP: 38/46 MP: 17/17
  5933 | D:5      | Learned a level 6 spell: Summon Cactus Giant
  6079 | D:5      | Found a runed translucent door.
  6080 | D:5      | Noticed Crazy Yiuf
  6090 | D:5      | Killed Crazy Yiuf
  6362 | D:5      | Reached * piety under Vehumet
  6362 | D:5      | Offered knowledge of Magic Dart by Vehumet.
  6397 | D:5      | Reached skill level 1 in Summonings
  6490 | D:5      | Reached skill level 5 in Stealth
  6490 | D:5      | Reached skill level 5 in Earth Magic
  6506 | D:5      | Identified the +9 rapier of Yguloelo {vorpal, rC+ Str+4
                  | Int+3}
  6515 | D:5      | Reached skill level 5 in Dodging
  6883 | D:6      | Reached XP level 9. HP: 35/52 MP: 8/19
  6983 | D:6      | Found a sparkling altar of Nemelex Xobeh.
  7050 | D:6      | Noticed a gargoyle
  7068 | D:6      | Killed a gargoyle
  7069 | D:6      | Reached skill level 1 in Short Blades
  7069 | D:6      | Reached skill level 6 in Spellcasting
  7767 | D:6      | Noticed Prince Ribbit
  7782 | D:6      | Noticed Maggie
  7795 | D:6      | Killed Prince Ribbit
  7805 | D:6      | Killed Maggie
  7953 | D:6      | Reached skill level 5 in Transmutations
  7981 | D:6      | Reached ** piety under Vehumet
  7981 | D:6      | Offered knowledge of Static Discharge by Vehumet.
  8119 | D:6      | Identified a scroll of acquirement
  8119 | D:6      | Acquired the Papyrus of Shape Shifting
  8127 | D:6      | Learned a level 5 spell: Irradiate
  8166 | D:7      | Identified the +0 ring mail of the Shining Light {rElec
                  | Int+2}
  8172 | D:7      | Found a large runed translucent door.
  8173 | D:7      | Found a large runed translucent door.
  8175 | D:7      | Noticed dangdung's ghost (novice MiBe)
  8478 | D:7      | Reached skill level 7 in Spellcasting
  8478 | D:7      | Reached XP level 10. HP: 58/58 MP: 22/22
  8698 | D:7      | Identified the ring "Ynek" {rC+ Int+2 Dex+6}
  8879 | D:7      | Killed dangdung's ghost
  9227 | D:8      | Found Jikec's Assorted Antiques.
  9240 | D:8      | Bought a dented amethyst amulet for 150 gold pieces
  9240 | D:8      | Bought a scorched pewter ring for 150 gold pieces
  9240 | D:8      | Identified the ring "Befetamm" {rF+ rCorr Int+4} (You
                  | bought it in a shop on level 8 of the Dungeon)
  9944 | D:8      | Found a staircase to the Lair.
  9958 | D:8      | Acquired the ring "Hurheomp" {rF+ Int+2 Dex+6 SInv Stlth+}
 10108 | D:9      | Noticed a two-headed ogre
 10119 | D:9      | Killed a two-headed ogre
 10120 | D:9      | Reached skill level 5 in Fighting
 10120 | D:9      | Reached skill level 5 in Evocations
 10288 | D:9      | Offered knowledge of Mephitic Cloud by Vehumet.
 10297 | D:9      | Found a snail-covered altar of Cheibriados.
 10368 | D:9      | Noticed a two-headed ogre
 10394 | D:9      | Killed a two-headed ogre
 10395 | D:9      | Reached skill level 8 in Spellcasting
 10395 | D:9      | Reached skill level 5 in Summonings
 10562 | D:9      | Reached XP level 11. HP: 41/64 MP: 18/25
 10816 | D:9      | Found a broken altar of Ashenzari.
 10980 | D:9      | Noticed a deep elf pyromancer
 10989 | D:9      | Killed a deep elf pyromancer
 11031 | D:9      | Noticed a fire dragon
 11031 | D:9      | Noticed a wizard
 11040 | D:9      | Killed a wizard
 11044 | D:9      | Killed a fire dragon
 11278 | D:9      | Found a shadowy altar of Dithmenos.
 11356 | D:9      | Noticed a six-headed hydra
 11377 | D:9      | Killed a six-headed hydra
 11656 | D:9      | Found a runed translucent door.
 11657 | D:9      | Noticed a sixfirhy
 11674 | D:9      | Killed a sixfirhy
 11687 | D:9      | Learned a level 6 spell: Statue Form
 11813 | D:10     | Entered Level 10 of the Dungeon
 11813 | D:10     | Found an ancient bone altar of Kikubaaqudgha.
 11814 | D:10     | Reached *** piety under Vehumet
 11870 | D:10     | Noticed Urug
 11889 | D:10     | Killed Urug
 12175 | D:10     | Noticed a two-headed ogre
 12185 | D:10     | Killed a two-headed ogre
 12340 | D:10     | Gained mutation: You tend to lose your temper in combat.
                  | [mutagenic glow]
 12349 | D:10     | Reached skill level 5 in Short Blades
 12359 | D:10     | Reached skill level 9 in Spellcasting
 12367 | D:10     | Gained mutation: Your magical capacity is low. (-10% MP)
                  | [mutagenic glow]
 12612 | D:10     | Offered knowledge of Olgreb's Toxic Radiance by Vehumet.
 12847 | D:10     | Found a staircase to the Orcish Mines.
 12921 | D:10     | Noticed Josephine
 12942 | D:10     | HP: 2/56 [Josephine/ghostly fireball (27)]
 13259 | D:10     | Killed Josephine
 13467 | D:9      | Reached XP level 12. HP: 57/67 MP: 8/24
 13733 | D:10     | Noticed Psyche
 13747 | D:10     | Killed Psyche
 14146 | D:11     | Noticed Nergalle
 14153 | D:11     | Killed Nergalle
 14173 | D:11     | Reached **** piety under Vehumet
 14219 | D:11     | Found an opulent altar of Gozag.
 14859 | D:11     | Offered knowledge of Airstrike by Vehumet.
 14935 | D:11     | Noticed a death knight
 14939 | D:11     | Killed a death knight
 15045 | D:11     | Noticed a centaur warrior
 15052 | D:11     | Killed a centaur warrior
 15384 | D:12     | Noticed Nessos
 15389 | D:12     | Killed Nessos
 15571 | D:12     | Reached skill level 10 in Spellcasting
 15763 | D:12     | Found Zugeufre's General Store.
 16274 | D:13     | Noticed a vault guard
 16279 | D:13     | Noticed a vault guard
 16304 | D:13     | Killed a vault guard
 16305 | D:13     | Reached skill level 10 in Stealth
 16311 | D:13     | Killed a vault guard
 16320 | D:13     | Reached XP level 13. HP: 76/76 MP: 23/26
 16348 | D:13     | Found a gate to the Vaults.
 16384 | D:13     | Noticed Sonja
 16387 | D:13     | Killed Sonja
 16397 | D:13     | Noticed Azrael
 16470 | D:13     | Killed Azrael
 16752 | D:13     | Reached ***** piety under Vehumet
 16779 | D:13     | Noticed Rupert
 16785 | D:13     | Killed Rupert
 16895 | D:13     | Offered knowledge of Iron Shot by Vehumet.
 16903 | D:13     | Learned a level 6 spell: Iron Shot
 17341 | D:13     | Reached skill level 10 in Dodging
 17341 | D:13     | Reached skill level 11 in Spellcasting
 17341 | D:13     | Reached XP level 14. HP: 82/82 MP: 26/28
 17342 | D:13     | Reached XP level 15. HP: 86/86 MP: 26/29
 17484 | D:14     | Reached skill level 10 in Earth Magic
 18397 | D:15     | Entered Level 15 of the Dungeon
 18450 | D:15     | Found a frozen archway.
 18622 | D:15     | Reached skill level 5 in Conjurations
 18675 | IceCv    | Entered an ice cave
 18830 | IceCv    | Reached skill level 12 in Spellcasting
 19070 | IceCv    | Mangled by an ironbound frostheart

Illustrated notes

Levels and vault maps discovered:
D:1:      grunt_arrival_crossed_arrows, layout_basic, serial_shops,
          nicolae_shop_hallway_plus, minmay_strange_pillars,
          minmay_misc_feat_encased
D:2:      layout_loops_ring, hellmonk_ecumenical_altar_pennies_from_heaven,
          minmay_snake_closets, uniq_jessica, uniq_sigmund
D:3:      layout_basic, general_overflow_altar, gammafunk_temple_overflow_claw,
          serial_shops, shop, shop, shop, shop, corexii_corridor_pit,
          grunt_decor_mini_mirrors
D:4:      layout_basic, mainiacjoe_overflow_six_doors_small, zin_purify,
          grunt_ministairs_2, minivault_4, uniq_blork_the_orc
D:5:      minmay_clustersquares, layout_basic, okawaru_altar_gauntlet_db,
          minmay_temple_entry_proselytizer, uniq_eustachio,
          uniq_crazy_yiuf_cottage
D:6:      layout_basic, mainiacjoe_overflow_tiny_flanked,
          kennysheep_generic_room_13, uniq_prince_ribbit1, uniq_maggie
D:7:      layout_gridville, ebering_ghost_disaster_area, kennysheep_minor_cross,
          ebering_dispersal_statue_hall
D:8:      layout_gridville, grunt_lair_entry_orc_guard_hut, serial_shops,
          nicolae_shop_overgrown_old_shop
D:9:      cheibrodos_shockbox, layout_basic, lemuel_doored_altar,
          nicolae_dithmenos_through_a_glass_darkly,
          mainiacjoe_overflow_concentric_impassable, minmay_shattered_shrine
D:10:     layout_roguey, lemuel_crystal_altar, erik_orc_4, st_stairs_4,
          uniq_psyche, uniq_urug, uniq_josephine
D:11:     layout_basic, minivault_27, nicolae_gozag_seed_capital, uniq_nergalle
D:12:     layout_grid_maze, serial_shops, shop, uniq_nessos
D:13:     layout_roguey, ximxim_vaults_locker_room, uniq_sonja, uniq_azrael,
          uniq_rupert
D:14:     layout_long_grid
D:15:     gammafunk_depths_entry_grave, layout_basic, serial_bayou_pond_e,
          portal_ice_cave_entry_ice_statue_two, guppyfry_shop_earth
Temple:   compressed_dpeg_circular_temple
IceCv:    ice_cave_small_giant

Skill      XL: |  1  2  3  4  5  6  7  8  9 10 11 12 13 14 15 |
---------------+----------------------------------------------+-----
Fighting       | 1 2 3 4 5 6 7 |  7.5
Dodging        | 3 4 5 6 7 8 9 10 | 10.5
Staves         | 1 2 3 |  3.2
Stealth        | 3 4 5 6 7 8 10 11 | 11.8
Conjurations   | 1 2 3 4 5 |  5.3
Transmutations | 2 3 4 5 6 7 8 9 |  9.7
Earth Magic    | 4 5 6 7 8 9 10 | 10.3
Spellcasting   | 4 5 7 8 9 10 11 12 | 12.0
Evocations     | 1 2 4 5 6 7 8 |  8.8
Summonings     | 2 3 5 6 7 8 |  8.8
Short Blades   | 2 4 5 6 7 |  7.6
Polearms       | |  0.2

Action                   |  1- 3 |  4- 6 |  7- 9 | 10-12 | 13-15 || total
-------------------------+-------+-------+-------+-------+-------++-------
Melee: Spear             |     6 |       |       |       |       ||     6
       Club              |     2 |    22 |    80 |       |       ||   104
       Rapier            |       |       |    49 |   329 |   102 ||   480
       Punch             |       |       |       |     6 |     2 ||     8
 Cast: Sandblast         |    37 |    45 |    46 |    37 |       ||   165
       Stone Arrow       |       |     4 |    30 |    32 |     1 ||    67
       Petrify           |       |       |     6 |   103 |    28 ||   137
       Statue Form       |       |       |       |     3 |       ||     3
       Irradiate         |       |       |       |    10 |    25 ||    35
       Summon Cactus Gia |       |       |       |       |     3 ||     3
       Iron Shot         |       |       |       |       |     6 ||     6
 Abil: End Transformatio |       |       |       |     1 |       ||     1
Evoke: Wand              |       |       |       |     7 |     1 ||     8
  Use: Scroll            |     3 |     5 |     6 |    10 |     5 ||    29
       Potion            |     2 |     5 |     4 |     4 |     6 ||    21
 Stab: Sleeping          |       |     4 |    10 |    29 |     6 ||    49
       Petrified         |       |       |     5 |    52 |    22 ||    79
       Petrifying        |       |       |       |    39 |    12 ||    51
       Paralysed         |       |       |       |     3 |       ||     3
       Distracted        |       |       |       |     1 |     1 ||     2
Armor: Robe              |     1 |     4 |    20 |       |       ||    25
       Skin              |       |       |     9 |    13 |     2 ||    24
       Steam dragon scal |       |       |       |    35 |    30 ||    65
Dodge: Dodged            |     7 |    20 |   153 |   403 |   166 ||   749
       Repelled          |       |       |       |     1 |     1 ||     2
